 Dungeon Crawl Stone Soup version 0.29-a0-91-gdebf4667c2 (webtiles) character file.

Game seed: 6939452239786069838

83582 enile the Fighter (level 15, -10/101 HPs)
             Began as a Tengu Conjurer on Feb 8, 2022.
             Was a Follower of Uskayaw.
             Mangled by a +3 vorpal war axe (14 damage)
             ... on level 1 of the Elven Halls.
             The game lasted 02:00:19 (36355 turns).

enile the Fighter (Tengu Conjurer)                 Turns: 36355, Time: 02:00:20

Health: -10/101    AC: 11    Str:  8    XL:     15   Next: 77%
Magic:  14/29      EV: 18    Int: 35    God:    Uskayaw [*.....]
Gold:   1190       SH:  5    Dex: 18    Spells: 7/32 levels left

rFire   + . .      SeeInvis +   o - +8 hand axe "Firrut" {venom, Str-3 Int+9 SInv}
rCold   + + +      Faith    .   V - +0 buckler
rNeg    . . .      Spirit   .   t - +4 skin of Zhor {*Englaciate rC+++ SInv}
rPois   .          Reflect  .   K - +2 hat {Will+}
rElec   .          Harm     .   e - scarf {rC+ rF+}
rCorr   +          Rampage  .   g - +2 pair of gloves {hurl}
Will    ++...                   (boots unavailable)
Stlth   ++++......              h - amulet of magic regeneration
HPRegen 0.26/turn               q - ring of Caeg {rCorr Int+3 Dex+6 Slay+3}
MPRegen 0.61/turn               z - ring of wizardry

@: flying quickly and evasively, quick
A: beak, talons 3, nimble flight, antennae 1, camouflage 1
a: Renounce Religion, Stomp


You were on level 1 of the Elven Halls.
You worshipped Uskayaw.
Uskayaw was aware of your devotion.
You visited 5 branches of the dungeon, and saw 22 of its levels.
You also visited: Sewer, Bailey and Gauntlet.

You collected 3706 gold pieces.
You spent 2516 gold pieces at shops.

Inventory:

Hand Weapons
 o - the +8 hand axe "Firrut" (weapon) {venom, Str-3 Int+9 SInv}
   (You found it on level 4 of the Dungeon)

   It poisons the flesh of those it strikes.
   Str:       It affects your strength (-3).
   Int:       It affects your intelligence (+9).
   SInv:      It lets you see invisible.
 N - the +6 battleaxe "Yppinlos" {flame, rCorr}
   (You found it in a Gauntlet)

   It burns those it strikes, dealing additional fire damage.
   Big, fiery blades are also staple armaments of hydra-hunters.
   rCorr:     It protects you from acid and corrosion.
 S - a +1 vampiric war axe
Missiles
 r - 5 curare-tipped darts (quivered)
Armour
 a - a scarf of repulsion
 e - a scarf of resistance (worn)
 g - a +2 pair of gloves of hurling (worn)
 t - the +4 skin of Zhor (worn) {*Englaciate rC+++ SInv}
   (You bought it in a shop on level 2 of the Dungeon)

   It radiates cold, occasionally slowing all nearby creatures who are not
   resistant to cold.
   rC:        It renders you almost immune to cold.
   SInv:      It lets you see invisible.
 w - a +3 scale mail of fire resistance
 y - +0 acid dragon scales
 A - a +0 troll leather armour
 C - a +1 kite shield
 F - a +1 cloak of poison resistance
 K - a +2 hat of willpower (worn)
 O - the +1 leather armour "Touby" {Stlth+}
   (You found it on level 1 of the Elven Halls)

   Stlth:     It makes you more stealthy.
 V - a +0 buckler (worn)
Magical Staves
 L - a staff of conjuration
Jewellery
 b - an amulet of regeneration
 f - an amulet of reflection
 h - an amulet of magic regeneration (around neck)
 i - a ring of see invisible
 j - a +4 ring of protection
 q - the ring of Caeg (left hand) {rCorr Int+3 Dex+6 Slay+3}
   (You took it off a minotaur in a Gauntlet)

   [ring of dexterity]

   Int:       It affects your intelligence (+3).
   Dex:       It affects your dexterity (+6).
   Slay:      It affects your accuracy & damage with ranged weapons and melee
   (+3).
   rCorr:     It protects you from acid and corrosion.
 x - a ring of resist corrosion
 z - a ring of wizardry (right hand)
 D - a ring of poison resistance
 E - the ring "Ziphaw" {rCorr Str+6}
   (You found it on level 4 of the Lair of Beasts)

   [ring of strength]

   Str:       It affects your strength (+6).
   rCorr:     It protects you from acid and corrosion.
 Q - a +6 ring of strength
 T - a ring of protection from cold
 X - a +6 ring of dexterity
Wands
 c - a wand of flame (41)
 J - a wand of iceblast (19)
 U - a wand of mindburst (7)
 Z - a wand of acid (3)
Scrolls
 d - 4 scrolls of teleportation
 n - a scroll of holy word
 s - a scroll of brand weapon
 u - 3 scrolls of silence
 G - 7 scrolls of fear
 H - 3 scrolls of immolation
 I - a scroll of magic mapping
 M - 7 scrolls of identify
 P - a scroll of fog
 R - a scroll of enchant weapon
Potions
 k - a potion of magic
 l - 2 potions of mutation
 m - 3 potions of lignification
 p - a potion of might
 v - a potion of berserk rage
 B - a potion of cancellation
Miscellaneous
 W - a phial of floods
 Y - a piece from Xom's chessboard (15/15)


   Skills:
 + Level 14.3 Fighting
 - Level 7.0 Axes
 - Level 6.0 Armour
 - Level 6.0 Dodging
 - Level 6.0 Stealth
 - Level 3.0 Shields
 - Level 9.0 Spellcasting
 - Level 13.0 Conjurations
 - Level 11.0 Fire Magic
 - Level 4.0 Air Magic
 - Level 3.4 Poison Magic
 - Level 8.0 Invocations
 - Level 9.0 Evocations


You had 7 spell levels left.
You knew the following spells:

 Your Spells              Type           Power      Damage    Failure   Level
a - Magic Dart            Conj           100%       1d8       0%          1
b - Searing Ray           Conj           100%       2d8       1%          2
c - Poisonous Vapours     Pois/Air       82%        N/A       1%          2
d - Fulminant Prism       Conj/Hex       28%        3d14      1%          4
e - Spider Form           Tmut/Pois      27%        N/A       2%          3
f - Olgreb's Toxic Radia  Pois           39%        N/A       3%          4
g - Starburst             Conj/Fire      39%        6d11      1%          6
h - Mephitic Cloud        Conj/Pois/Air  59%        N/A       1%          3

Your spell library contained the following spells:

 Spells                   Type           Power      Damage    Failure   Level
 Animate Skeleton         Necr           30%        N/A       1%          1
 Apportation              Tloc           30%        N/A       1%          1
 Beastly Appendage        Tmut           30%        N/A       1%          1
 Sting                    Tmut/Pois      100%       1d8       1%          1
 Summon Small Mammal      Summ           60%        N/A       1%          1
 Corpse Rot               Necr/Air       58%        N/A       1%          2
 Dazzling Flash           Conj/Hex       100%       N/A       1%          3
 Inner Flame              Hex/Fire       53%        N/A       1%          3
 Iskenderun's Mystic Bla  Conj/Tloc      57%        2d12      1%          4
 Sticky Flame             Conj/Fire      79%        2d9       1%          4
 Fireball                 Conj/Fire      39%        3d16      1%          5
 Iskenderun's Battlesphe  Conj           82%        2d13      1%          5
 Sublimation of Blood     Necr           15%        N/A       2%          2
 Wereblood                Tmut           15%        N/A       2%          2
 Irradiate                Conj/Tmut      28%        3d23      2%          5
 Gell's Gravitas          Tloc           15%        N/A       4%          3
 Teleport Other           Tloc           15%        N/A       4%          3
 Freezing Cloud           Conj/Ice/Air   26%        6-21      4%          5
 Conjure Ball Lightning   Conj/Air       33%        3x3d11    7%          6
 Anguish                  Hex/Necr       7%         N/A       14%         4
 Cause Fear               Hex            7%         N/A       14%         4
 Dispersal                Tloc           7%         N/A       89%         6
 Summon Hydra             Summ           7%         N/A       100%        7
 Discord                  Hex            7%         N/A       100%        8
 Disjunction              Tloc           7%         N/A       100%        8


Dungeon Overview and Level Annotations

Branches:
Dungeon (12/15)            Temple (1/1) D:6            Lair (6/6) D:8
 Shoals (0/4) Lair:3       Spider (0/4) Lair:2        Slime (0/5) Lair:6
    Orc (2/2) D:10            Elf (1/3) Orc:2         Sewer (visited)
 Bailey (visited)         Gauntlet (visited)

Altars:
Ashenzari
Cheibriados
Dithmenos
Elyvilon
Fedhas
Gozag
Hepliaklqana
Kikubaaqudgha
Makhleb
Nemelex Xobeh
Okawaru
Qazlal
Ru
Sif Muna
Trog
Uskayaw
Vehumet
Wu Jian
Xom
Yredelemnul
Zin
The Shining One
Beogh
Lugonu

Shops:
D:2 [   D:12 [   Orc:2 *[=(

Portals:
Abyss: Orc:2

Annotations:
D:4 3 runed translucent doors, DrKleor's ghost, amateur DsFi; axecop's ghost, amateur HOWn; enile's ghost, amateur DjWn
D:6 1 runed translucent door, soggyman666's ghost, novice TrMo
Lair:3 Nieclary's ghost, journeyman TrTm


Innate Abilities, Weirdness & Mutations

You have a beak for a mouth.
You have claws for feet.
Your magical nature lets you fly swiftly and evasively.
You have a pair of small antennae on your head.
Your skin changes colour to match your surroundings (Stealth+).


Message History

The fire elemental completely resists.
The +3 vorpal war axe hits you!
Casting: Starburst (dangerous; 1% risk of failure)
Confirm with . or Enter, or press ? or * to list all spells.
Casting: Starburst (dangerous; 1% risk of failure)
Press: ? - help, Dir - look around, f - activate The bolt of fire misses the +3 vorpal war axe.
The bolt of fire hits the fire elemental.
The fire elemental completely resists.
The bolt of fire hits the fire elemental.
The fire elemental completely resists.
The +3 vorpal war axe hits you! The +3 vorpal war axe hits you!!
* * * LOW HITPOINT WARNING * * *
x2 The deep elf pyromancer is engulfed in blazing flames.
The deep elf pyromancer points at you and mumbles some strange words.
The bolt of fire hits the fire elemental.
The fire elemental completely resists.
The bolt of fire misses the +3 vorpal war axe.
The bolt of fire misses you.
You radiate an aura of cold.
The +3 vorpal war axe is unaffected.
The fire elemental seems to slow down. x2
The deep elf pyromancer seems to slow down.
The deep elf pyromancer is engulfed in blazing flames.
You block the +3 vorpal war axe's attack.
The +3 vorpal war axe completely misses you.
Casting: Starburst (dangerous; 1% risk of failure)
Confirm with . or Enter, or press ? or * to list all spells.
Okay, then.
Press: ? - help, v - describe, . - travel
Here: a +3 vorpal war axe (heavily damaged)
The floor.
You can no longer pass through a line of other dancers.
You see here a +0 long sword.
There is a huge open gate here.
You see here a +0 rapier.
The +3 vorpal war axe hits you!
* * * LOW HITPOINT WARNING * * *
x2
There is a staircase back to the Mines here.
You can't go down here!
The +3 vorpal war axe hits you!
You die...

##.#.........#.#
#..............
#.##.........#
#{##.........#
#E##.8.....8.#
#e##...).....#
#.._☼°E####'''''###
#..e○..# #..(..#
#..○...# #..@..#
##°....# #.....#
####### #.....#
##...## #####


You could see a +3 vorpal war axe.

Vanquished Creatures
  An orc warlord (Orc:2)
  A deep elf demonologist (Orc:2)
  The ghost of Foxy the Grappler, a journeyman TrMo of Hepliaklqana (Lair:2)
  A minotaur (Gauntlet)
  4 boulder beetles
  7 hydras
  A catoblepas (Lair:3)
  12 death yaks (Lair:5)
  3 two-headed ogres
  4 orc high priests
  2 deep elf pyromancers
  6 orc knights
  4 oklob plants
  5 orc sorcerers (Orc:2)
  2 ugly things (D:11)
  A manticore (D:12)
  2 deep elf zephyrmancers
  14 elephants
  4 cyclopes
  6 black mambas
  2 moths of wrath (Lair:3)
  A torpor snail (Lair:2)
  14 cane toads
  A gargoyle (D:12)
  A demonic crawler (Lair:1)
  5 rime drakes
  A yaktaur (D:12)
  5 komodo dragons
  5 trolls
  3 polar bears (Lair:6)
  3 slime creatures (D:12)
  8 blink frogs
  4 hornets
  11 dream sheep
  10 flying skulls (Gauntlet)
  2 shadows
  A water elemental (Elf:1)
  Sigmund (D:6)
  46 yaks
  14 spriggans (Lair:6)
  4 steam dragons
  4 basilisks
  5 wyverns
  4 vampire mosquitoes (D:12)
  12 wargs
  3 acid dragons
  Duvessa (D:4)
  20 water moccasins
  7 black bears
  40 orc warriors
  An ice beast (D:6)
  2 sky beasts
  4 centaurs
  4 boggarts (Lair:6)
  4 ogres
  36 wolves
  2 phantoms
  3 kobold brigands
  15 bullfrogs
  2 gnoll sergeants
  6 scorpions
  A water moccasin skeleton (D:5)
  Dowan (D:4)
  3 vampire bats (D:11)
  3 electric eels
  2 howler monkeys
  2 hounds (D:5)
  26 orc priests
  7 centaur zombies
  A centaur skeleton (D:7)
  2 jellies
  26 orc wizards
  6 hell rats (Lair:4)
  3 iguanas
  2 hound zombies (D:5)
  13 gnolls
  3 howler monkey zombies
  10 adders
  A howler monkey skeleton (D:7)
  A white imp (D:6)
  7 worms
  2 dart slugs
  82 orcs
  10 ball pythons
  3 bat skeletons (D:11)
  4 bat zombies (D:11)
  4 endoplasms
  15 giant cockroaches
  22 goblins
  14 hobgoblins
  8 jackals
  6 quokkas
  6 bats
  12 frilled lizards
  18 kobolds
  11 rats
  4 fulminant prisms
739 creatures vanquished.

Vanquished Creatures (collateral kills)
  A raiju (Gauntlet)
1 creature vanquished.

Vanquished Creatures (others)
  A deep elf pyromancer (Elf:1)
  A bush (Lair:6)
  51 fulminant prisms
  61 fungi
  A lurking horror (Orc:2)
  123 plants
  4 withered plants (D:4)
242 creatures vanquished.

Grand Total: 982 creatures vanquished

Notes
Turn   | Place    | Note
-------+----------+-------------------------------------------
     0 | D:1      | enile the Tengu Conjurer began the quest for the Orb.
     0 | D:1      | Reached XP level 1. HP: 10/10 MP: 4/4
   150 | D:1      | Reached skill level 1 in Fighting
   215 | D:1      | Reached XP level 2. HP: 16/16 MP: 4/6
   430 | D:1      | Found a faded altar of an unknown god.
   496 | D:1      | Prayed at the altar of an unknown god.
   496 | D:1      | Became a worshipper of Elyvilon the Healer
   496 | D:1      | Reached * piety under Elyvilon
   546 | D:2      | Learned a level 2 spell: Searing Ray
   662 | D:2      | Reached skill level 2 in Fighting
   746 | D:1      | Reached XP level 3. HP: 21/21 MP: 0/7
  1382 | D:2      | Reached skill level 1 in Invocations
  1382 | D:2      | Reached XP level 4. HP: 26/26 MP: 7/9
  1551 | D:2      | Found Vuytt's Armour Shop.
  2449 | D:3      | Gained mutation: Your magical nature lets you fly swiftly
                  | and evasively. [Tengu growth]
  2449 | D:3      | Reached XP level 5. HP: 30/30 MP: 4/11
  2631 | D:3      | Reached ** piety under Elyvilon
  2982 | D:4      | Noticed a phantom
  2988 | D:4      | Killed a phantom
  3062 | D:4      | Identified the +8 hand axe "Firrut" {venom, Str-3 Int+9
                  | SInv}
  3065 | D:4      | Noticed Dowan
  3135 | D:4      | Noticed Duvessa
  3140 | D:4      | Found a runed translucent gate.
  3140 | D:4      | Found a runed translucent gate.
  3143 | D:4      | Found a runed translucent gate.
  3144 | D:4      | Noticed axecop's ghost (amateur HOWn)
  3144 | D:4      | Noticed enile's ghost (amateur DjWn)
  3145 | D:4      | Noticed DrKleor's ghost (amateur DsFi)
  3167 | D:4      | Killed Duvessa
  3168 | D:4      | Reached skill level 3 in Fighting
  3168 | D:4      | Reached XP level 6. HP: 37/37 MP: 13/13
  3176 | D:4      | Reached skill level 1 in Axes
  3279 | D:4      | Reached skill level 4 in Fighting
  3279 | D:4      | Reached XP level 7. HP: 43/43 MP: 7/14
  3422 | D:4      | Found a bloodstained altar of Trog.
  3442 | D:4      | Found a shimmering blue altar of Sif Muna.
  3445 | D:4      | Killed Dowan
  3476 | D:4      | Found a white marble altar of Elyvilon.
  3873 | D:5      | Entered Level 5 of the Dungeon
  3884 | D:5      | Learned a level 2 spell: Poisonous Vapours
  3910 | D:5      | Found a shadowy altar of Dithmenos.
  3965 | D:5      | Reached *** piety under Elyvilon
  3989 | D:5      | Found a blossoming altar of Fedhas.
  4261 | D:5      | Reached skill level 1 in Air Magic
  4322 | D:5      | Found a basalt altar of Yredelemnul.
  4400 | D:5      | Found a glowing golden altar of the Shining One.
  4402 | D:5      | Noticed an angel
  4466 | D:5      | Reached XP level 8. HP: 41/48 MP: 11/15
  4537 | D:5      | Learned a level 4 spell: Fulminant Prism
  4763 | D:5      | Reached skill level 5 in Fighting
  5220 | D:6      | Found a runed translucent door.
  5327 | D:6      | Noticed soggyman666's ghost (novice TrMo)
  5328 | D:6      | Noticed a komodo dragon
  5371 | D:6      | Found a glowing drain.
  5401 | Sewer    | Entered a sewer
  5626 | Sewer    | Reached skill level 6 in Fighting
  5880 | D:6      | Reached **** piety under Elyvilon
  5887 | D:6      | Noticed Sigmund
  5903 | D:6      | Killed Sigmund
  5904 | D:6      | Reached skill level 5 in Spellcasting
  5904 | D:6      | Reached XP level 9. HP: 41/55 MP: 4/17
  6083 | D:6      | Found a staircase to the Ecumenical Temple.
  6178 | D:6      | Reached skill level 7 in Fighting
  6588 | D:7      | Found a flagged portal.
  6599 | Bailey   | Entered a bailey
  6725 | Bailey   | Learned a level 3 spell: Spider Form
  6830 | Bailey   | Reached skill level 5 in Stealth
  7010 | Bailey   | Reached skill level 5 in Dodging
  7236 | Bailey   | Identified the ring "Cathos" {*Corrode rPois Str+6 Int-5
                  | Dex+7}
  7236 | Bailey   | Noticed an orc warlord
  7240 | Bailey   | Gained mutation: You tend to lose your temper in combat.
                  | [potion of mutation]
  7240 | Bailey   | Gained mutation: Your mind is acute. (Int +2) [potion of
                  | mutation]
  7240 | Bailey   | Gained mutation: Your magical capacity is low. (-10% MP)
                  | [potion of mutation]
  7240 | Bailey   | Lost mutation: You tend to lose your temper in combat.
                  | [potion of mutation]
  7247 | Bailey   | Noticed an orc knight
  7253 | Bailey   | Reached skill level 8 in Fighting
  7279 | D:7      | Killed an orc knight
  7280 | D:7      | Reached skill level 9 in Fighting
  7307 | D:7      | Reached XP level 10. HP: 32/66 MP: 5/16
  7992 | D:7      | Found an iron altar of Okawaru.
  8195 | D:7      | Identified a scroll of acquirement
  8197 | D:7      | Acquired 965 gold pieces
  8320 | D:2      | Bought a +2 pair of gloves of hurling for 236 gold pieces
  8320 | D:2      | Bought a +3 scale mail of fire resistance for 286 gold
                  | pieces
  8455 | D:8      | Noticed an angel
  8455 | D:8      | Found a shimmering altar of Xom.
  8455 | D:8      | Found a glowing silver altar of Zin.
  8559 | D:8      | Reached skill level 1 in Armour
  9196 | D:8      | Reached skill level 10 in Fighting
  9487 | D:8      | Found a staircase to the Lair.
  9557 | D:9      | Reached skill level 5 in Armour
  9725 | D:9      | Reached ***** piety under Elyvilon
 10216 | D:9      | Noticed a two-headed ogre
 10233 | D:9      | Killed a two-headed ogre
 10234 | D:9      | Reached XP level 11. HP: 53/72 MP: 5/19
 10616 | D:9      | Reached skill level 5 in Axes
 10807 | D:10     | Entered Level 10 of the Dungeon
 10842 | D:10     | Found a sacrificial altar of Ru.
 11094 | D:10     | Reached skill level 1 in Shields
 11682 | Temple   | Entered the Ecumenical Temple
 11982 | Temple   | Fell from the grace of Elyvilon
 11982 | Temple   | Became a worshipper of Uskayaw the Reveller
 12221 | Lair:1   | Entered Level 1 of the Lair of Beasts
 12464 | Lair:1   | Reached * piety under Uskayaw
 12485 | Lair:1   | Reached ** piety under Uskayaw
 12488 | Lair:1   | Reached *** piety under Uskayaw
 12490 | Lair:1   | Reached **** piety under Uskayaw
 12493 | Lair:1   | Reached ***** piety under Uskayaw
 13461 | Lair:2   | HP: 3/108 [poisoned by a black mamba]
 13946 | D:2      | Bought the +4 skin of Zhor {*Englaciate rC+++ SInv} for 731
                  | gold pieces
 13946 | D:2      | Found the +4 skin of Zhor {*Englaciate rC+++ SInv}
 14015 | D:4      | Learned a level 4 spell: Olgreb's Toxic Radiance
 14309 | Lair:2   | Found a transporter.
 14442 | Lair:2   | Noticed an oklob plant
 14451 | Lair:2   | Noticed Foxy's ghost (journeyman TrMo)
 14461 | Lair:2   | Found a transporter.
 14527 | Lair:2   | Reached skill level 1 in Fire Magic
 14536 | Lair:2   | Reached skill level 1 in Evocations
 14827 | Lair:2   | Noticed a five-headed hydra
 14969 | Lair:2   | Killed a six-headed hydra
 14970 | Lair:2   | Reached XP level 12. HP: 53/77 MP: 3/21
 14977 | Lair:2   | Learned a level 6 spell: Starburst
 15282 | Lair:2   | Found a hole to the Spider Nest.
 16161 | Lair:2   | Acquired Napag's Papyrus of the Mind
 16216 | Lair:3   | Reached skill level 5 in Fire Magic
 16271 | Lair:3   | Found a transporter.
 16279 | Lair:3   | Noticed a catoblepas
 16302 | Lair:3   | Noticed Nieclary's ghost (journeyman TrTm)
 16328 | Lair:3   | Killed a catoblepas
 16655 | Lair:3   | Found a staircase to the Shoals.
 16665 | Lair:3   | Found a transporter.
 16746 | Lair:3   | Reached skill level 5 in Invocations
 17781 | Lair:4   | Identified the ring "Ziphaw" {rCorr Str+6}
 17899 | Lair:4   | Reached skill level 5 in Evocations
 18508 | Lair:5   | Lost mutation: Your mind is acute. (Int +2) [potion of
                  | mutation]
 18508 | Lair:5   | Lost mutation: Your magical capacity is low. (-10% MP)
                  | [potion of mutation]
 18508 | Lair:5   | Gained mutation: Your muscles are strong. (Str +2) [potion
                  | of mutation]
 18508 | Lair:5   | Gained mutation: You possess an exceptional clarity of
                  | mind. [potion of mutation]
 18509 | Lair:5   | Lost mutation: You possess an exceptional clarity of mind.
                  | [potion of mutation]
 18509 | Lair:5   | Lost mutation: Your muscles are strong. (Str +2) [potion of
                  | mutation]
 18509 | Lair:5   | Gained mutation: You are occasionally teleported next to
                  | monsters. [potion of mutation]
 18509 | Lair:5   | Gained mutation: You are somewhat resistant to further
                  | mutation. [potion of mutation]
 18509 | Lair:5   | Gained mutation: You are partially covered in iridescent
                  | scales. (AC +2) [potion of mutation]
 18510 | Lair:5   | Lost mutation: You are partially covered in iridescent
                  | scales. (AC +2) [potion of mutation]
 18510 | Lair:5   | Lost mutation: You are somewhat resistant to further
                  | mutation. [potion of mutation]
 18510 | Lair:5   | Lost mutation: You are occasionally teleported next to
                  | monsters. [potion of mutation]
 18510 | Lair:5   | Gained mutation: You have hidden genetic potential. [potion
                  | of mutation]
 18569 | Lair:5   | Noticed a death yak
 18613 | Lair:5   | Found a gate leading to a gauntlet.
 18622 | Gauntlet | Entered a Gauntlet
 18622 | Gauntlet | Found a transporter.
 18642 | Gauntlet | Found a transporter.
 18654 | Gauntlet | Found a transporter.
 18659 | Gauntlet | Found a transporter.
 18682 | Gauntlet | Found a transporter.
 18691 | Gauntlet | Noticed a ghost crab
 18695 | Gauntlet | Found a transporter.
 18703 | Gauntlet | Noticed a thrashing horror
 18707 | Gauntlet | Found a transporter.
 18713 | Gauntlet | Found a transporter.
 18717 | Gauntlet | Noticed a thrashing horror
 18728 | Gauntlet | Found a transporter.
 18743 | Gauntlet | Found a transporter.
 18743 | Gauntlet | Noticed a green death
 18752 | Gauntlet | Found a transporter.
 18769 | Gauntlet | Found a transporter.
 18769 | Gauntlet | Found a transporter.
 18789 | Gauntlet | Found a transporter.
 18870 | Gauntlet | Found a transporter.
 18895 | Gauntlet | Found a transporter.
 18897 | Gauntlet | Found a transporter.
 18917 | Gauntlet | Found a transporter.
 19155 | Gauntlet | Reached XP level 13. HP: 63/84 MP: 24/24
 19176 | Gauntlet | Reached skill level 11 in Fighting
 19421 | Gauntlet | HP: 3/84 [something/ball of steam (15)]
 19666 | Gauntlet | Reached ****** piety under Uskayaw
 19728 | Gauntlet | Identified the +6 battleaxe "Yppinlos" {flame, rCorr}
 19730 | Gauntlet | Identified the +0 helmet of Eghori {Str+2}
 19742 | Gauntlet | Learned a level 3 spell: Mephitic Cloud
 19773 | Gauntlet | Identified the ring of Caeg {rCorr Int+3 Dex+6 Slay+3}
 19773 | Gauntlet | Noticed a minotaur
 19842 | Gauntlet | Killed a minotaur
 20427 | Lair:5   | Reached skill level 12 in Fighting
 21819 | Lair:6   | Entered Level 6 of the Lair of Beasts
 21880 | Lair:5   | Gained mutation: Your skin changes colour to match your
                  | surroundings (Stealth+). [hidden potential]
 22435 | Lair:5   | Reached skill level 10 in Conjurations
 23755 | Lair:6   | Found a staircase to the Slime Pits.
 23899 | Lair:6   | Reached XP level 14. HP: 92/92 MP: 13/25
 24719 | Lair:6   | Reached skill level 13 in Fighting
 25040 | Lair:6   | Gained mutation: You have a pair of small antennae on your
                  | head. [hidden potential]
 25040 | Lair:6   | Lost mutation: You have hidden genetic potential. [hidden
                  | potential expressed]
 25669 | Lair:6   | Reached skill level 14 in Fighting
 27264 | D:10     | Found a staircase to the Orcish Mines.
 28410 | D:11     | Found an ancient bone altar of Kikubaaqudgha.
 29058 | Orc:1    | Entered Level 1 of the Orcish Mines
 29646 | Orc:1    | Reached XP level 15. HP: 94/100 MP: 9/28
 29893 | Orc:2    | Entered Level 2 of the Orcish Mines
 29966 | Orc:1    | Reached skill level 10 in Fire Magic
 30720 | Orc:2    | Noticed an orc warlord
 30944 | Orc:2    | Killed an orc warlord
 31617 | Orc:2    | Found a corrupted altar of Lugonu.
 31619 | Orc:2    | Found a one-way gate to the infinite horrors of the Abyss.
 31807 | Orc:2    | Found a staircase to the Elven Halls.
 32037 | Orc:2    | Found Hojagos's Antique Armour Shoppe.
 32038 | Orc:2    | Found Warul's Antique Weapon Emporium.
 32040 | Orc:2    | Found Forchota's General Store.
 32040 | Orc:2    | Found Ysoiw's Jewellery Shoppe.
 32045 | Orc:2    | Bought a piece from Xom's chessboard (15/15) for 220 gold
                  | pieces
 32045 | Orc:2    | Bought a scroll of immolation for 38 gold pieces
 32049 | Orc:2    | Bought a wand of iceblast (5) for 99 gold pieces
 32059 | Orc:2    | Bought a glowing scarf for 232 gold pieces
 32076 | Orc:2    | Bought a transparent hand axe for 224 gold pieces
 32076 | Orc:2    | Identified the +8 hand axe "Zarim" {vorpal, Drain rPois
                  | Will+} (You bought it in a shop on level 2 of the Orcish
                  | Mines)
 32183 | Orc:2    | Bought an amulet of magic regeneration for 450 gold pieces
 33390 | D:12     | Found Suos's Armour Shoppe.
 34338 | Lair:2   | HP: 5/100 [Foxy's ghost (28)]
 34339 | Lair:2   | Killed Foxy's ghost
 35592 | Elf:1    | Entered Level 1 of the Elven Halls
 35593 | Elf:1    | Identified the +1 leather armour "Touby" {Stlth+}
 35715 | Elf:1    | Noticed an Ice Fiend
 35744 | Orc:2    | Noticed an Executioner
 36335 | Elf:1    | Found a radiant altar of Vehumet.
 36354 | Elf:1    | HP: 4/101 [+3 vorpal war axe (2)]
 36355 | Elf:1    | Mangled by a +3 vorpal war axe

Illustrated notes

Levels and vault maps discovered:
D:1:      dpeg_arrival_three_same_balls, layout_rooms,
          shapermc_ecumenical_altar_hornbeckon
D:2:      layout_loops_cross, serial_shops, shop, minmay_heptomino_o4
D:3:      layout_basic, minmay_diced_spiral
D:4:      layout_loops_cross, nzn_overflow_gifts_of_might_and_magic,
          mainiacjoe_overflow_tiny_flanked, gammafunk_ghost_cemetery
D:5:      layout_rooms, grunt_dithmenos_smoke, fedhas_altar_1,
          grunt_temple_overflow_holy_war, bh_walls_and_bars
D:6:      layout_rooms, minmay_temple_entry_hall, portal_sewer_entry_c,
          ebering_ghost_inner_flame, uniq_sigmund
D:7:      layout_basic, kennysheep_okawaru_gauntlet, enter_bailey_3,
          uniq_duvessa
D:8:      layout_rooms, grunt_temple_overflow_order_and_chaos_1,
          minmay_lair_entry_grove, minivault_25, minmay_misc_feat_rows
D:9:      layout_gridville, grunt_decor_cap
D:10:     layout_loops_cross, nicolae_ru_great_annihilating_truth, erik_orc_4,
          grunt_ministairs_12
D:11:     layout_basic, kennysheep_vampire_church
D:12:     layout_stronghold, serial_shops, shop
Temple:   minmay_temple_curvy_loop
Lair:1:   layout_cave_pods, serial_forest, infiniplex_forest_pool,
          infiniplex_forest_diagonal, infiniplex_forest_lined_2,
          infiniplex_forest_lined_room_2, infiniplex_forest_lined_3_way
Lair:2:   layout_gridlike, nicolae_spider_entry_non_spiders, nzn_ghost_randoct,
          serial_bayou_pond_e, chequers_serial_rivers_large_a
Lair:3:   layout_cave_pods, shoals_dummy_entry,
          gammafunk_ghost_berserking_beasts, lemuel_fruit_tree,
          serial_bayou_shore_b
Lair:4:   layout_hall_layers
Lair:5:   layout_loops_ring, gauntlet_entry_generic, serial_bayou_ford_a,
          serial_bayou_shore_b
Lair:6:   minmay_lair_end_enchanted_forest, layout_small_grid,
          minmay_slime_entry_oklob_open
Orc:1:    cheibrodos_orc_guarddog, layout_caves, bh_open_orc_temple
Orc:2:    st_orc_congregation, layout_diamond_mine,
          amcnicky_altar_lugonu_corruption
Elf:1:    eino_elf_arrival_the_gate, layout_geoelf_octagon,
          minmay_elf_annihilation, hangedman_feature_mirror

Skill      XL: |  1  2  3  4  5  6  7  8  9 10 11 12 13 14 15 |
---------------+----------------------------------------------+-----
Fighting       | 1 2 3 4 6 9 10 12 14 | 14.3
Spellcasting   | 3 4 5 6 7 8 9 |  9.0
Invocations    | 1 4 7 8 |  8.0
Conjurations   | 7 8 9 11 13 | 13.0
Axes           | 1 2 4 5 6 7 |  7.0
Dodging        | 3 4 5 6 |  6.0
Stealth        | 3 5 6 |  6.0
Air Magic      | 3 4 |  4.0
Poison Magic   | 2 3 |  3.4
Armour         | 6 |  6.0
Shields        | 3 |  3.0
Fire Magic     | 2 6 9 11 | 11.0
Evocations     | 4 6 9 |  9.0

Action                   |  1- 3 |  4- 6 |  7- 9 | 10-12 | 13-15 || total
-------------------------+-------+-------+-------+-------+-------++-------
Melee: Unarmed           |     1 |     3 |    10 |     6 |       ||    20
       Kick              |     1 |     1 |    25 |   157 |   273 ||   457
       Peck              |       |     5 |    17 |   119 |   186 ||   327
       Hand axe          |       |     6 |   102 |   429 |   670 ||  1207
       Punch             |       |       |     1 |    11 |     5 ||    17
Throw: Boomerang         |       |       |     2 |       |       ||     2
       Throwing net      |       |       |       |     4 |       ||     4
       Dart              |       |       |       |       |     9 ||     9
 Cast: Magic Dart        |    38 |    64 |   113 |   144 |    10 ||   369
       Searing Ray       |    13 |    29 |    69 |    80 |     9 ||   200
       Poisonous Vapours |       |       |     8 |     5 |     4 ||    17
       Fulminant Prism   |       |       |    10 |    30 |    15 ||    55
       Spider Form       |       |       |     1 |     2 |       ||     3
       Olgreb's Toxic Ra |       |       |       |    10 |    34 ||    44
       Starburst         |       |       |       |       |   151 ||   151
       Mephitic Cloud    |       |       |       |       |    22 ||    22
Invok: Heal Self         |       |       |     1 |       |       ||     1
       Stomp             |       |       |       |     1 |     8 ||     9
       Line Pass         |       |       |       |       |     1 ||     1
Evoke: Wand              |       |       |    11 |    18 |    21 ||    50
  Use: Scroll            |     1 |     3 |     6 |    17 |     9 ||    36
       Potion            |       |       |     3 |     8 |     3 ||    14
 Stab: Sleeping          |       |       |     3 |     5 |    12 ||    20
       Paralysed         |       |       |       |    37 |    41 ||    78
       Held in net/web   |       |       |       |     3 |       ||     3
       Petrifying        |       |       |       |     1 |       ||     1
       Petrified         |       |       |       |     1 |       ||     1
       Invisible         |       |       |       |       |     6 ||     6
       Confused          |       |       |       |       |     4 ||     4
       Distracted        |       |       |       |       |     1 ||     1
Armor: Robe              |       |     1 |    32 |     9 |       ||    42
       Scale mail        |       |       |       |   119 |       ||   119
       Animal skin       |       |       |       |    52 |   212 ||   264
       Skin              |       |       |       |     1 |       ||     1
Dodge: Dodged            |    10 |    11 |   124 |   291 |   474 ||   910
Block: Other             |       |       |       |    85 |    68 ||   153
       Reflection        |       |       |       |     1 |     1 ||     2
       Buckler           |       |       |       |       |    79 ||    79

Table legend: (Time is in decaauts)
 A = Elapsed time spent in this place.
 B = Non-inter-level travel time spent in this place.
 C = Inter-level travel time spent in this place.
 D = Time resting spent in this place.
 E = Time spent auto-exploring this place.
 F = Levels seen in this place.
 G = Mean time per level.
                   A        B        C        D        E       F      G
               +--------+--------+--------+--------+--------+-----+--------+
         Total |  34945 |  32094 |   2851 |   3361 |  22178 |  25 | 1397.8 |
       Dungeon |  13976 |  12493 |   1483 |    453 |   9943 |  12 | 1164.7 |
        Temple |    299 |    242 |     57 |      0 |    238 |   1 |  299.0 |
          Lair |  14416 |  13231 |   1185 |   1375 |   8994 |   6 | 2402.7 |
  Orcish Mines |   3763 |   3639 |    124 |   1533 |   1504 |   2 | 1881.5 |
   Elven Halls |    105 |    105 |      0 |      0 |     46 |   1 |  105.0 |
         Sewer |    437 |    437 |      0 |      0 |    349 |   1 |  437.0 |
        Bailey |    649 |    649 |      0 |      0 |    444 |   1 |  649.0 |
      Gauntlet |   1297 |   1297 |      0 |      0 |    657 |   1 | 1297.0 |
               +--------+--------+--------+--------+--------+-----+--------+

Top non-repeatable levels by time:
  Lair:2: 3547 daAuts
  Lair:6: 3439 daAuts
  Lair:5: 3176 daAuts
   Orc:1: 2078 daAuts
  Lair:3: 1893 daAuts
   Orc:2: 1684 daAuts
     D:2: 1632 daAuts
     D:7: 1462 daAuts
    D:12: 1351 daAuts
     D:9: 1348 daAuts
    D:10: 1315 daAuts
Gauntlet: 1297 daAuts
  Lair:1: 1242 daAuts
     D:4: 1210 daAuts
    D:11: 1134 daAuts
